 Dungeon Crawl Stone Soup version 0.28.0 (webtiles) character file.

Game seed: 9481598761056574298

39 hikkokomori the Shield-Bearer (level 3, 0/33 HPs)
             Began as a Minotaur Fighter on Feb 7, 2022.
             Slain by an adder (3 damage)
             ... on level 2 of the Dungeon.
             The game lasted 00:01:22 (1078 turns).

hikkokomori the Shield-Bearer (Minotaur Fighter)    Turns: 1078, Time: 00:01:23

Health: 0/33       AC:  7    Str: 20    XL:     3   Next: 26%
Magic:  2/2        EV:  9    Int:  7    God:
Gold:   41         SH:  4    Dex:  9    Spells: 2/2 levels left

rFire   . . .      SeeInvis .   a - +0 war axe
rCold   . . .      Faith    .   c - +0 buckler
rNeg    . . .      Spirit   .   b - +0 scale mail
rPois   .          Reflect  .   (helmet restricted)
rElec   .          Harm     .   (no cloak)
rCorr   .          Rampage  .   (no gloves)
Will    .....                   (no boots)
Stlth   ..........              (no amulet)
HPRegen 0.11/turn               (no ring)
MPRegen 0.08/turn               (no ring)

@: mighty, lethally poisoned (0 -> -2)
A: horns 2, retaliatory headbutt
a: no special abilities


You were on level 2 of the Dungeon.
You visited 1 branch of the dungeon, and saw 2 of its levels.

You collected 41 gold pieces.

Inventory:

Hand Weapons
 a - a +0 war axe (weapon)
Missiles
 f - 32 arrows
Armour
 b - a +0 scale mail (worn)
 c - a +0 buckler (worn)
Scrolls
 e - a scroll of identify {unknown}
 i - a scroll of immolation {unknown}
 j - a scroll of amnesia {unknown}
 k - a scroll of teleportation {unknown}
Potions
 g - a potion of resistance {unknown}
 h - 2 potions of haste {unknown}
 l - a potion of berserk rage {unknown}


   Skills:
 + Level 4.1 Fighting
 + Level 3.1 Axes
 + Level 4.1 Armour
 + Level 4.1 Shields


You had 2 spell levels left.
You didn't know any spells.
Your spell library was empty.

Dungeon Overview and Level Annotations

Branches:
Dungeon (2/15)

Altars:

Annotations:
D:2 Sigmund


Innate Abilities, Weirdness & Mutations

You have a pair of horns on your head.
You reflexively headbutt those who attack you in melee.


Message History

Sigmund closely misses you. The adder bites you but does no damage.
The rat bites you but does no damage.
You completely miss the adder. Your headbutt misses the adder.
You slash the rat!
You kill the rat!
You barely miss the adder. You block the adder's attack.
The adder closely misses you. The adder bites you but does no damage.
The endoplasm freezes you.
You are frozen.
Sigmund hits you but does no damage.
You miss the adder. You slash the adder! You hit the endoplasm.
The adder bites you but does no damage. The adder bites you.
You are poisoned.
The adder poisons you! The adder bites you but does no damage.
The endoplasm freezes you.
You are frozen.
You block the adder's attack.
Unknown command.
You completely miss the adder. You closely miss the adder.
You barely miss the endoplasm.
You feel very sick. The adder barely misses you.
Sigmund hits you but does no damage. You block the endoplasm's attack.
The adder closely misses you. The adder bites you but does no damage.
The endoplasm hits you.
Unknown command.
You miss the adder. Your headbutt misses the adder. You hit the endoplasm.
You slash the adder!
You kill the adder!
You feel sick. The adder misses you. Sigmund hits you but does no damage.
The adder closely misses you. You furiously retaliate!
You headbutt the adder. The endoplasm freezes you.
You are frozen.
You barely miss the adder.
The adder is heavily wounded.
You slash the endoplasm!
You kill the endoplasm!
You feel sick. The adder bites you but does no damage.
Sigmund says, "Look into my eyes."
Sigmund hits you from afar with a +0 scythe!
* * * LOW HITPOINT WARNING * * *
The adder bites you.
You die...

#+# #..... ##...##
#.##.# .# ##.....## #
#.# .# ##.......##
#.##.# ##
###.........####.....#
...........+ ........
.# #.........# #...###
# #†......# #..####
###.@S...# #......
#...#.@.## #.....# .
#.#.##'## #.###.# #
#.##.# ##.###.#
#....#######.......
####........#.###.#
#.....######.####.#
#......#.......##.#
........##.###.#.##.#


You could see Sigmund and an adder.

Vanquished Creatures
  2 adders (D:2)
  2 endoplasms
  4 goblins
  4 jackals (D:1)
  A quokka (D:1)
  2 ball pythons (D:1)
  2 bats (D:1)
  A frilled lizard (D:1)
  5 rats
23 creatures vanquished.

Notes
Turn   | Place    | Note
-------+----------+-------------------------------------------
     0 | D:1      | hikkokomori the Minotaur Fighter began the quest for the
                  | Orb.
     0 | D:1      | Reached XP level 1. HP: 19/19 MP: 0/0
   263 | D:1      | You fall into a shaft and drop 1 floor!
   406 | D:1      | Reached XP level 2. HP: 25/27 MP: 1/1
  1046 | D:2      | Reached XP level 3. HP: 33/33 MP: 2/2
  1071 | D:2      | Noticed Sigmund
  1078 | D:2      | Slain by an adder

Illustrated notes

Levels and vault maps discovered:
D:1:      dpeg_arrival_pits, layout_loops_ring, minmay_misc_feat_alley
D:2:      layout_loops_corners, serial_shops, nicolae_square_shop, basic_altar,
          hellmonk_ecumenical_altar_arch_garden, uniq_sigmund, uniq_jessica,
          uniq_crazy_yiuf_cottage

Skill      XL: |  1  2 |
---------------+-------+-----
Fighting       | 4 |  4.1
Axes           | 3 |  3.1
Armour         | 4 |  4.1
Shields        | 4 |  4.1

Action                   || total
-------------------------++-------
Melee: War axe           ||    43
       Headbutt          ||     3
  Use: Potion            ||     1
Armor: Scale mail        ||    28
Dodge: Dodged            ||    25
Block: Buckler           ||    17
